 Dungeon Crawl Stone Soup version 0.30.1 (webtiles) character file.

Game seed: 1934033883588758367

12558 javelincjr the Covert (level 11, -13/78 HPs)
             Began as a Demonspawn Delver on July 3, 2023.
             Was a Believer of Hepliaklqana.
             Mangled by a komodo dragon (27 damage)
             ... on level 1 of the Lair of Beasts.
             The game lasted 00:33:49 (8541 turns).

javelincjr the Covert (Demonspawn Delver)           Turns: 8541, Time: 00:33:49

Health: -13/78     AC: 10    Str: 22    XL:     11   Next: 64%
Magic:  16/16      EV: 13    Int: 19    God:    Hepliaklqana [**....]
Gold:   1647       SH: 15    Dex: 16    Spells: 10/10 levels left

rFire   . . .        o - +7 scimitar (drain)
rCold   . . .        y - +0 tower shield
rNeg    . . .        a - +0 troll leather armour
rPois   .            C - +0 helmet
rElec   +            N - +1 cloak
rCorr   .            (no gloves)
SInv    .            s - +0 pair of boots
Will    .....        j - amulet "Ponwuc" {Acrobat rElec Str+2 Slay+3}
Stlth   ++++         D - +6 ring of strength
HPRegen 1.13/turn    E - +6 ring of intelligence
MPRegen 0.15/turn

%: acrobat
@: lethally poisoned (-13 -> -13), slowed, studying Axes, very slow
A: reduced essence, claws 1, thin metallic scales 1, foul stench 1, spiny 2
a: Renounce Religion, Recall Ancestor, Ancestor Identity


You were on level 1 of the Lair of Beasts.
You worshipped Hepliaklqana.
Hepliaklqana was pleased with you.
You visited 3 branches of the dungeon, and saw 12 of its levels.

You collected 1647 gold pieces.

Inventory:

Hand Weapons
 o - a +7 scimitar of draining (weapon)
 v - a +3 hand axe of electrocution
 K - a +5 short sword
 R - a +0 broad axe
Missiles
 B - 4 curare-tipped darts (quivered)
Armour
 a - a +0 troll leather armour (worn)
 s - a +0 pair of boots (worn)
 w - +0 acid dragon scales
 y - a +0 tower shield (worn)
 A - a +2 leather armour of poison resistance
 C - a +0 helmet (worn)
 H - a +2 leather armour of cold resistance
 M - a +1 ring mail of fire resistance
 N - a +1 cloak (worn)
 V - +0 steam dragon scales
Jewellery
 j - the amulet "Ponwuc" (around neck) {Acrobat rElec Str+2 Slay+3}
   (You found it on level 5 of the Dungeon)

   [amulet of the acrobat]

   It increases your evasion while moving and waiting.
   Str:       It affects your strength (+2).
   Slay:      It affects your accuracy & damage with ranged weapons and melee
   (+3).
   rElec:     It insulates you from electricity.
 p - an amulet of magic regeneration
 D - a +6 ring of strength (left claw)
 E - a +6 ring of intelligence (right claw)
 F - a +6 ring of intelligence
 O - an amulet of reflection
 U - a ring of resist corrosion
Wands
 g - a wand of digging (2)
 h - a wand of charming (14)
 G - a wand of light (13)
 I - a wand of polymorph (2)
 T - a wand of roots (22)
Scrolls
 b - 2 scrolls of blinking
 c - 3 scrolls of fog
 d - 2 scrolls of magic mapping
 e - 2 scrolls of fear
 i - 3 scrolls of enchant weapon
 k - a scroll of amnesia {unknown}
 q - 2 scrolls of summoning
 x - 5 scrolls of teleportation
 L - a scroll of torment {unknown}
 P - a scroll of vulnerability {unknown}
Potions
 f - 2 potions of haste
 l - 2 potions of degeneration {unknown}
 m - 5 potions of curing
 r - 2 potions of magic {unknown}
 t - a potion of flight {unknown}
 u - 3 potions of might
 z - 4 potions of lignification
 J - a potion of cancellation {unknown}
 Q - a potion of brilliance {unknown}
 S - a potion of heal wounds {unknown}


   Skills:
 * Level 8.7 Fighting
 + Level 5.2 Long Blades
 - Level 5.0(5.2) Axes
 - Level 0.8(3.2) Maces & Flails
 - Level 1.8(3.7) Polearms
 + Level 7.5 Dodging
 + Level 9.4 Stealth
 + Level 7.0 Shields
 + Level 0.3 Spellcasting
 + Level 7.5 Invocations


You had 10 spell levels left.
You didn't know any spells.
Your spell library contained the following spells:

 Spells                   Type           Power      Damage    Failure   Level
 Sandblast                Erth           0%         2d4       75%         1
 Passwall                 Tmut/Erth      0%         N/A       86%         2
 Hailstorm                Conj/Ice       0%         3d3       98%         3
 Ignite Poison            Fire/Tmut/Pois 0%         N/A       98%         3
 Stone Arrow              Conj/Erth      0%         3d7       98%         3
 Ice Form                 Ice/Tmut       0%         N/A       100%        4
 Sticky Flame             Conj/Fire      0%         2d3       100%        4
 Alistair's Intoxication  Tmut/Pois      0%         N/A       100%        5
 Borgnjor's Vile Clutch   Necr/Erth      0%         N/A       100%        5
 Eringya's Noxious Bog    Tmut/Pois      0%         N/A       100%        6
 Simulacrum               Ice/Necr       0%         N/A       100%        6
 Malign Gateway           Summ/Tloc      0%         N/A       100%        7
 Ignition                 Fire           0%         3d3       100%        8
 Summon Horrible Things   Summ           0%         N/A       100%        8


Dungeon Overview and Level Annotations

Branches:
Dungeon (10/15)            Temple (1/1) D:6            Lair (1/5) D:10
    Orc: D:9-12

Altars:
Ashenzari
Cheibriados
Dithmenos
Fedhas
Gozag
Hepliaklqana
Kikubaaqudgha
Makhleb
Nemelex Xobeh
Okawaru
Qazlal
Ru
Sif Muna
Trog
Uskayaw
Vehumet
Wu Jian
Xom
Yredelemnul

Annotations:
Lair:1 Sonja


Innate Abilities, Weirdness & Mutations

Your life essence is reduced to manifest your ancestor. (-10% HP)
You have sharp fingernails.
You are partially covered in thin metallic scales. (AC +2)
You may rarely emit foul miasma when damaged in melee.
You are mostly covered in sharp spines.


Message History

The water moccasin is heavily wounded.
Sonja throws a curare-tipped dart.
The curare-tipped dart hits you.
You are poisoned.
You have difficulty breathing.
You feel yourself slow down. You block the water moccasin's attack.
The water moccasin bites you but does no damage.
You slice the water moccasin!!
You kill the water moccasin!
You feel very sick.
Demetirus barely misses Sonja.
Sonja throws a curare-tipped dart.
The curare-tipped dart hits you.
You are more poisoned.
You have difficulty breathing.
You feel as though you will be slow longer.
You feel extremely sick.
Sonja casts a spell.
Sonja blinks!
Demetirus casts a spell at Sonja.
The puff of frost misses Sonja.
The komodo dragon completely misses you.
Sonja casts a spell.
Sonja blinks!
You see here a water moccasin corpse.
You hit the komodo dragon.
The komodo dragon is lightly wounded.
You feel extremely sick. The komodo dragon bites you!!
Sonja bows elegantly.
Sonja throws a curare-tipped dart.
The curare-tipped dart barely misses you.
The komodo dragon is struck by your spines.
The komodo dragon bites you!
* * * LOW HITPOINT WARNING * * *
Sonja casts a spell.
Sonja blinks!
The komodo dragon barely misses you.
You slash the komodo dragon!
The komodo dragon is moderately wounded.
You feel very sick. The komodo dragon bites you!!
You die...

#.##............#
#...............#
#...............#
................#
................#
###....$......##
#...........P#
##..R........##
#...@........P
#......l........#
#..............##
..###.........##
# ##.......##
.#.......#
#.........
.........


You could see the friendly Demetirus the battlemage and a komodo dragon (ally
target).

Vanquished Creatures
  2 two-headed ogres
  Lodul (D:10)
  Pikel (D:9)
  Joseph (D:10)
  A kobold demonologist (D:9)
  A cane toad (Lair:1)
  Psyche (D:9)
  Maggie (D:7)
  A komodo dragon (D:10)
  2 trolls (D:9)
  A hornet (D:9)
  A shadow (D:9)
  A vampire (D:10)
  6 yaks
  Grum (D:9)
  3 steam dragons
  2 vampire mosquitoes (D:10)
  An acid dragon (D:8)
  A water moccasin (Lair:1)
  2 ice beasts
  A black bear (D:6)
  6 ogres
  3 wolves (D:9)
  2 centaurs
  2 phantoms
  2 kobold brigands
  4 bullfrogs
  A gnoll sergeant (D:6)
  3 scorpions
  4 wights (D:7)
  3 howler monkeys
  11 hounds
  A gnoll bouda (D:9)
  An orc priest (D:8)
  A sleepcap (D:7)
  2 iguanas (D:5)
  9 orc wizards
  12 gnolls
  5 adders
  A shadow imp (D:8)
  3 white imps
  2 dart slugs
  22 orcs
  10 endoplasms
  3 giant cockroaches
  7 goblins
  6 hobgoblins
  3 quokkas
  9 ball pythons
  11 bats
  5 frilled lizards
  11 kobolds
  4 rats
201 creatures vanquished.

Vanquished Creatures (collateral kills)
  Erolcha (D:10)
  2 cane toads (Lair:1)
  2 yaks
  A basilisk (Lair:1)
  A vampire mosquito (D:10)
  A steam dragon (D:10)
  An acid dragon (D:10)
  2 water moccasins (D:10)
  2 black bears (D:10)
  An ogre (D:10)
  A bullfrog (D:10)
  A gnoll sergeant (D:10)
  A vampire bat (D:10)
  An orc wizard (D:10)
  4 gnolls
  2 orcs (D:8)
  2 bats (D:10)
  6 kobolds (D:9)
32 creatures vanquished.

Vanquished Creatures (others)
  A water moccasin (D:8)
  2 battlemagi (D:10)
  2 ancestors
  An orc (D:8)
6 creatures vanquished.

Grand Total: 239 creatures vanquished

Notes
Turn   | Place    | Note
-------+----------+-------------------------------------------
     0 | D:5      | javelincjr the Demonspawn Delver began the quest for the
                  | Orb.
     0 | D:5      | Reached XP level 1. HP: 18/18 MP: 1/1
    32 | D:5      | Identified the amulet "Ponwuc" {Acrobat rElec Str+2 Slay+3}
    41 | D:5      | Noticed a hound
   246 | D:1      | Gained mutation: You have sharp fingernails. [demonic
                  | ancestry]
   246 | D:1      | Reached XP level 2. HP: 24/24 MP: 2/2
   527 | D:1      | Gained mutation: You are partially covered in thin metallic
                  | scales. (AC +2) [demonic ancestry]
   527 | D:1      | Reached XP level 3. HP: 29/29 MP: 3/3
  1696 | D:3      | Reached XP level 4. HP: 35/35 MP: 4/4
  1911 | D:4      | Noticed an ice beast
  2044 | D:4      | Found a stormy altar of Qazlal.
  2055 | D:4      | Reached skill level 5 in Stealth
  2129 | D:4      | Noticed a scorpion
  2136 | D:4      | Killed a scorpion
  2137 | D:4      | Reached skill level 1 in Axes
  2137 | D:4      | Reached skill level 1 in Shields
  2137 | D:4      | Reached XP level 5. HP: 42/42 MP: 5/5
  2271 | D:4      | Killed an ice beast
  2327 | D:4      | Gained mutation: You are partially covered in sharp spines.
                  | [demonic ancestry]
  2327 | D:4      | Reached XP level 6. HP: 48/48 MP: 6/6
  2685 | D:5      | Found a burning altar of Makhleb.
  2692 | D:5      | Found a sacrificial altar of Ru.
  2693 | D:5      | Found a sparkling altar of Nemelex Xobeh.
  2693 | D:5      | Found a basalt altar of Yredelemnul.
  2699 | D:5      | Found an iron altar of Okawaru.
  2879 | D:5      | Gained mutation: You are mostly covered in sharp spines.
                  | [demonic ancestry]
  2879 | D:5      | Reached XP level 7. HP: 55/55 MP: 7/7
  2884 | D:5      | Found a shimmering altar of Xom.
  2886 | D:5      | Found an opulent altar of Gozag.
  3258 | D:5      | Reached skill level 6 in Stealth
  3436 | D:6      | Reached skill level 5 in Fighting
  3581 | D:6      | Reached XP level 8. HP: 62/62 MP: 8/8
  4275 | D:6      | Identified 2 scrolls of acquirement
  4275 | D:6      | Acquired a manual of Axes
  4277 | D:6      | Acquired 844 gold pieces
  4358 | D:6      | Found a staircase to the Ecumenical Temple.
  4368 | Temple   | Entered the Ecumenical Temple
  4615 | Temple   | Became a worshipper of Hepliaklqana the Forgotten
  4719 | D:7      | Reached skill level 5 in Dodging
  4821 | D:7      | Reached skill level 7 in Stealth
  4931 | D:7      | Reached XP level 9. HP: 69/69 MP: 9/9
  4945 | D:7      | Found a shadowy altar of Dithmenos.
  5090 | D:7      | Noticed Maggie
  5102 | D:7      | Killed Maggie
  5103 | D:7      | Reached skill level 5 in Axes
  5329 | D:7      | Reached skill level 1 in Invocations
  5373 | D:7      | Reached * piety under Hepliaklqana
  5916 | D:8      | Found a bloodstained altar of Trog.
  5948 | D:8      | Reached skill level 1 in Long Blades
  6278 | D:8      | Reached skill level 5 in Shields
  6298 | D:8      | Reached XP level 10. HP: 7/71 MP: 12/12
  6299 | D:8      | HP: 3/71 [yak (5)]
  6829 | D:9      | Reached skill level 8 in Stealth
  7036 | D:9      | Noticed Grum
  7036 | D:9      | Noticed a two-headed ogre
  7046 | D:9      | Killed a two-headed ogre
  7064 | D:9      | Killed Grum
  7065 | D:9      | Reached skill level 5 in Invocations
  7336 | D:9      | Noticed Pikel
  7342 | D:9      | Killed Pikel
  7362 | D:9      | Reached ** piety under Hepliaklqana
  7363 | D:9      | Remembered your ancestor Demetirus as a battlemage
  7414 | D:9      | Noticed Psyche
  7423 | D:9      | Killed Psyche
  7692 | D:10     | Entered Level 10 of the Dungeon
  7708 | D:10     | Noticed a two-headed ogre
  7711 | D:10     | Noticed Joseph
  7713 | D:10     | Noticed Lodul
  7758 | D:10     | Noticed Erolcha
  7774 | D:10     | Killed Erolcha
  7775 | D:10     | Gained mutation: You may rarely emit foul miasma when
                  | damaged in melee. [demonic ancestry]
  7775 | D:10     | Reached XP level 11. HP: 67/77 MP: 15/15
  7888 | D:10     | Found a staircase to the Lair.
  8064 | D:10     | Reached skill level 9 in Stealth
  8082 | D:10     | Killed Joseph
  8149 | D:10     | Killed a two-headed ogre
  8188 | D:10     | Killed Lodul
  8220 | D:10     | Reached skill level 5 in Long Blades
  8477 | Lair:1   | Entered Level 1 of the Lair of Beasts
  8530 | Lair:1   | Noticed Sonja
  8541 | Lair:1   | Mangled by a komodo dragon

Illustrated notes

Levels and vault maps discovered:
D:1:      nicolae_arrival_memento_mori, layout_loops_cross
D:2:      layout_loops_cross
D:3:      layout_basic
D:4:      layout_basic, grunt_qazlal_clouds
D:5:      layout_loops_ring, xom_teletrap_fun, overflow_temple_1_default,
          minitemple
D:6:      layout_loops_ring, lemuel_temple_firewalk_b, roderic_lattice_a
D:7:      layout_basic, nicolae_overflow_hidden_temple, kennysheep_mini,
          zin_treasury, ebering_dispersal_statue_hall, uniq_maggie
D:8:      layout_basic, bloody_trog
D:9:      layout_loops_corners, minmay_misc_feat_nine_boxes, uniq_grum,
          uniq_psyche, uniq_pikel
D:10:     layout_irregular_city, due_lair_maze_entry_diamond, roderic_batcave,
          uniq_joseph, uniq_lodul, uniq_erolcha
Temple:   compressed_dpeg_triangle_lava_temple
Lair:1:   cheibrodos_lair_river_kwai, layout_gridlike,
          infiniplex_staircase_pool, uniq_sonja

Skill      XL: |  1  2  3  4  5  6  7  8  9 10 11 |
---------------+----------------------------------+-----
Dodging        | 2 3 4 5 6 7 |  7.5
Stealth        | 5 6 7 8 9 |  9.4
Axes           | 1 2 3 4 5 |  5.0
Shields        | 1 2 3 4 5 6 7 |  7.0
Fighting       | 4 5 6 7 8 |  8.7
Invocations    | 3 6 7 |  7.5
Long Blades    | 2 4 5 |  5.2
Maces & Flails | |  0.8
Polearms       | |  1.8
Spellcasting   | |  0.3

Action                     |  1- 3 |  4- 6 |  7- 9 | 10-12 || total
---------------------------+-------+-------+-------+-------++-------
  Melee: Spear             |     9 |       |       |       ||     9
         Whip              |    50 |       |       |       ||    50
         Hand axe          |    36 |    74 |   109 |       ||   219
         Scimitar          |       |       |    56 |   199 ||   255
 Invoke: Ancestor Life: Ba |       |       |       |     1 ||     1
  Evoke: Wand              |       |       |     1 |       ||     1
    Use: Scroll            |       |       |     8 |     3 ||    11
   Stab: Sleeping          |    11 |     8 |     9 |     2 ||    30
         Distracted        |       |     2 |       |     3 ||     5
 Armour: Leather armour    |    20 |    19 |     3 |       ||    42
         Ring mail         |       |       |    38 |       ||    38
         Acid dragon scale |       |       |    15 |    12 ||    27
         Troll leather arm |       |       |       |    24 ||    24
  Dodge: Dodged            |    52 |    22 |    62 |    87 ||   223
  Block: Tower shield      |    13 |    47 |   154 |   114 ||   328
